| TOP OF THE 1ST |
|
Springfield Cardinals batting - Pitching for Jacksonville Suns : RHP Jorge Lara
|
|
Pitching: RHP Jorge Lara
|
|
|
Batting: LHB Tsutomu Miyahara
|
0-0: Ball 1-0: Called Strike 1-1: Foul Ball, location: 2F 1-2: Ball 2-2: Ball 3-2: Fly out, F8 (Line Drive, 8LD, EV 86.9 MPH)
|
|
Batting: RHB Jose Ramos
|
0-0: Called Strike 0-1: Ball 1-1: Swinging Strike 1-2: Foul Ball, location: 2F 1-2: SINGLE (Line Drive, 89M, EV 98.8 MPH)
|
|
Batting: RHB Jeff Long
|
0-0: Ball 1-0: Called Strike 1-1: Called Strike 1-2: Strikes out looking
|
|
Batting: LHB Angelo Vasquez
|
0-0: Called Strike 0-1: Called Strike 0-2: Ball 1-2: Foul Ball, location: 2F 1-2: Foul Ball, location: 2F 1-2: Ball 2-2: Ball 3-2: DOUBLE (Line Drive, 7LM, EV 102.5 MPH) Jose Ramos to third Jose Ramos scores
|
|
Batting: RHB Tommy Boudreaux
|
0-0: Ground out 4-3 (Groundball, 4M, EV 85.6 MPH)
|
| Top of the 1st over - 1 run, 2 hits, 0 errors, 1 left on base; Springfield 1 - Jacksonville 0 |
| BOTTOM OF THE 1ST |
|
Jacksonville Suns batting - Pitching for Springfield Cardinals : RHP Mike Tallerico
|
|
Pitching: RHP Mike Tallerico
|
|
|
Batting: LHB Orlando Rivera
|
0-0: Foul Ball, location: 2F 0-1: Foul Ball, location: 2F 0-2: Ball 1-2: Ball 2-2: SINGLE (Line Drive, 56D, EV 98.1 MPH)
|
|
Batting: RHB Rafael Irizarry
|
0-0: Swinging Strike 0-1: Called Strike 0-2: Foul Ball, location: 2F 0-2: Ball 1-2: Foul Ball, location: 2F 1-2: Ball 2-2: Ball 3-2: Strikes out swinging
|
|
Batting: RHB Jack Power
|
0-0: Called Strike Orlando Rivera steals 2nd base (no throw) 0-1: Called Strike Orlando Rivera is caught stealing 3rd base 2-5 0-2: Foul Ball, location: 2F 0-2: Ball 1-2: Ground out 5-3 (Groundball, 56S, EV 88.1 MPH)
|
| Bottom of the 1st over - 0 runs, 1 hit, 0 errors, 0 left on base; Springfield 1 - Jacksonville 0 |
| TOP OF THE 2ND |
|
Springfield Cardinals batting - Pitching for Jacksonville Suns : RHP Jorge Lara
|
|
Batting: RHB William Lung
|
0-0: Called Strike 0-1: Ball 1-1: Ground out U3 (Groundball, 34, EV 76.9 MPH)
|
|
Batting: LHB Travis Ruppel
|
0-0: Foul Ball, location: 2F 0-1: Ball 1-1: Ball 2-1: Foul Ball, location: 2F 2-2: Ground out 5-3 (Groundball, 5, EV 81.2 MPH)
|
|
Batting: RHB Kalidas Mishra
|
0-0: Called Strike 0-1: Called Strike 0-2: Ball 1-2: Foul Ball, location: 2F 1-2: Ball 2-2: Strikes out looking
|
| Top of the 2nd over - 0 runs, 0 hits, 0 errors, 0 left on base; Springfield 1 - Jacksonville 0 |
| BOTTOM OF THE 2ND |
|
Jacksonville Suns batting - Pitching for Springfield Cardinals : RHP Mike Tallerico
|
|
Batting: RHB Reomel Somera
|
0-0: Foul Ball, location: 2F 0-1: Foul Ball, location: 2F 0-2: Ball 1-2: Ball 2-2: Foul Ball, location: 2F 2-2: Ball 3-2: Base on Balls
|
|
Batting: RHB Torquato Obawole
|
0-0: Ball 1-0: Ball 2-0: Called Strike 2-1: Ball 3-1: 2-RUN HOME RUN (Flyball, 78XD, EV 106.9 MPH), Distance : 410 ft
|
|
Batting: RHB Len Graham
|
0-0: Ball 1-0: Foul Ball, location: 2F 1-1: Foul Ball, location: 2F 1-2: DOUBLE (Line Drive, 7LM, EV 103.1 MPH)
|
|
Batting: SHB Greg Rivera
|
0-0: Called Strike 0-1: Called Strike 0-2: Ball 1-2: Ball 2-2: Strikes out swinging
|
|
Batting: RHB Larry LeFever
|
0-0: Called Strike 0-1: Ball 1-1: 2-RUN HOME RUN (Flyball, 78XD, EV 105.0 MPH), Distance : 424 ft
|
|
Batting: RHB Chris Alft
|
0-0: Foul Ball, location: 2F 0-1: Foul Ball, location: 2F 0-2: Ground out 5-3 (Groundball, 56S, EV 81.9 MPH)
|
|
Batting: LHB Orlando Rivera
|
0-0: Called Strike 0-1: Ball 1-1: Ball 2-1: Foul Ball, location: 2F 2-2: Ball 3-2: Ground out 1-3 (Groundball, 25, EV 70.0 MPH)
|
| Bottom of the 2nd over - 4 runs, 3 hits, 0 errors, 0 left on base; Springfield 1 - Jacksonville 4 |
| TOP OF THE 3RD |
|
Springfield Cardinals batting - Pitching for Jacksonville Suns : RHP Jorge Lara
|
|
Batting: RHB Immel Kamuzu
|
0-0: Foul Ball, location: 2F 0-1: Swinging Strike 0-2: Strikes out swinging
|
|
Batting: LHB Tsutomu Miyahara
|
0-0: Ball 1-0: Ball 2-0: Foul Ball, location: 2F 2-1: Called Strike 2-2: Ball 3-2: Strikes out swinging
|
|
Batting: RHB Jose Ramos
|
0-0: Ball 1-0: Ball 2-0: Called Strike 2-1: Fly out, F8 (Flyball, 8RM, EV 93.8 MPH)
|
| Top of the 3rd over - 0 runs, 0 hits, 0 errors, 0 left on base; Springfield 1 - Jacksonville 4 |
| BOTTOM OF THE 3RD |
|
Jacksonville Suns batting - Pitching for Springfield Cardinals : RHP Mike Tallerico
|
|
Batting: RHB Rafael Irizarry
|
0-0: Called Strike 0-1: Ball 1-1: Fly out, F9 (Flyball, 9S, EV 77.5 MPH)
|
|
Batting: RHB Jack Power
|
0-0: Ground out 6-3 (Groundball, 6S, EV 88.8 MPH)
|
|
Batting: RHB Reomel Somera
|
0-0: Called Strike 0-1: Ball 1-1: Called Strike 1-2: Strikes out swinging
|
| Bottom of the 3rd over - 0 runs, 0 hits, 0 errors, 0 left on base; Springfield 1 - Jacksonville 4 |
| TOP OF THE 4TH |
|
Springfield Cardinals batting - Pitching for Jacksonville Suns : RHP Jorge Lara
|
|
Batting: RHB Jeff Long
|
0-0: Called Strike 0-1: Foul Ball, location: 2F 0-2: Ball 1-2: DOUBLE (Line Drive, 78M, EV 110.6 MPH)
|
|
Batting: LHB Angelo Vasquez
|
0-0: Called Strike 0-1: Swinging Strike 0-2: Strikes out looking
|
|
Batting: RHB Tommy Boudreaux
|
0-0: Called Strike Jeff Long steals 3rd base 0-1: Ball 1-1: DOUBLE (Line Drive, 9LD, EV 101.9 MPH) Jeff Long scores
|
|
Batting: RHB William Lung
|
0-0: Foul Ball, location: 2F 0-1: Ball 1-1: Swinging Strike 1-2: Ball 2-2: Strikes out swinging
|
|
Pitching: LHP Will Sledge
|
|
|
Batting: LHB Travis Ruppel
|
0-0: Ball 1-0: Foul Ball, location: 2F 1-1: Foul Ball, location: 2F 1-2: Fly out, F6 (Flyball, 6D, EV 85.0 MPH)
|
| Top of the 4th over - 1 run, 2 hits, 0 errors, 1 left on base; Springfield 2 - Jacksonville 4 |
| BOTTOM OF THE 4TH |
|
Jacksonville Suns batting - Pitching for Springfield Cardinals : RHP Mike Tallerico
|
|
Batting: RHB Torquato Obawole
|
0-0: Foul Ball, location: 2F 0-1: Ground out 3-1 (Groundball, 34, EV 110.0 MPH)
|
|
Batting: RHB Len Graham
|
0-0: Ball 1-0: Swinging Strike 1-1: Called Strike 1-2: Ball 2-2: Foul Ball, location: 2F 2-2: Strikes out swinging
|
|
Batting: SHB Greg Rivera
|
0-0: Called Strike 0-1: Foul Ball, location: 2F 0-2: Ball 1-2: SINGLE (Flyball, 89S, EV 91.2 MPH)
|
|
Batting: RHB Larry LeFever
|
0-0: Ball 1-0: Ground out U3 (Groundball, 3L, EV 97.5 MPH)
|
| Bottom of the 4th over - 0 runs, 1 hit, 0 errors, 1 left on base; Springfield 2 - Jacksonville 4 |
| TOP OF THE 5TH |
|
Springfield Cardinals batting - Pitching for Jacksonville Suns : LHP Will Sledge
|
|
Batting: RHB Kalidas Mishra
|
0-0: Ball 1-0: Called Strike 1-1: Called Strike 1-2: Strikes out swinging
|
|
Batting: RHB Immel Kamuzu
|
0-0: Ball 1-0: Foul Ball, location: 2F 1-1: Ball 2-1: Swinging Strike 2-2: Ball 3-2: Base on Balls
|
|
Batting: LHB Tsutomu Miyahara
|
0-0: Ball 1-0: Swinging Strike 1-1: Ball 2-1: Ball 3-1: Swinging Strike 3-2: Strikes out swinging Immel Kamuzu steals 2nd base Batter strikes out.
|
|
Batting: RHB Jose Ramos
|
0-0: Foul Ball, location: 2F 0-1: Foul Ball, location: 2F 0-2: Strikes out looking
|
| Top of the 5th over - 0 runs, 0 hits, 0 errors, 1 left on base; Springfield 2 - Jacksonville 4 |
| BOTTOM OF THE 5TH |
|
Jacksonville Suns batting - Pitching for Springfield Cardinals : RHP Mike Tallerico
|
|
Batting: RHB Chris Alft
|
0-0: Ball 1-0: Foul Ball, location: 2F 1-1: Ball 2-1: Ball 3-1: DOUBLE (Flyball, 8RXD, EV 110.0 MPH)
|
|
Batting: LHB Orlando Rivera
|
0-0: Called Strike 0-1: Called Strike 0-2: Ball 1-2: Ground out 5-3 (Groundball, 56S, EV 83.1 MPH)
|
|
Batting: RHB Rafael Irizarry
|
0-0: Called Strike 0-1: Ball 1-1: Ball 2-1: Ball 3-1: Fly out, F2 (Popup, 15S, EV 80.6 MPH)
|
|
Batting: RHB Jack Power
|
0-0: Intentional Walk
|
|
Batting: RHB Reomel Somera
|
0-0: Ground out 5-3 (Groundball, 56S, EV 83.8 MPH)
|
| Bottom of the 5th over - 0 runs, 1 hit, 0 errors, 2 left on base; Springfield 2 - Jacksonville 4 |
| TOP OF THE 6TH |
|
Springfield Cardinals batting - Pitching for Jacksonville Suns : LHP Will Sledge
|
|
Batting: RHB Jeff Long
|
0-0: Ball 1-0: Swinging Strike 1-1: Foul Ball, location: 2F 1-2: DOUBLE (Groundball, 3L, EV 106.9 MPH)
|
|
Batting: LHB Angelo Vasquez
|
0-0: 2-RUN HOME RUN (Flyball, 8RXD, EV 113.1 MPH), Distance : 448 ft
|
|
Batting: RHB Tommy Boudreaux
|
0-0: Ground out 4-3 (Groundball, 34, EV 85.6 MPH)
|
|
Batting: RHB William Lung
|
0-0: Swinging Strike 0-1: Ball 1-1: Foul Ball, location: 2F 1-2: Strikes out swinging
|
|
Batting: LHB Travis Ruppel
|
0-0: Ball 1-0: Fly out, F8 (Line Drive, 8RM, EV 96.9 MPH)
|
| Top of the 6th over - 2 runs, 2 hits, 0 errors, 0 left on base; Springfield 4 - Jacksonville 4 |
| BOTTOM OF THE 6TH |
|
Jacksonville Suns batting - Pitching for Springfield Cardinals : RHP Mike Tallerico
|
|
Batting: RHB Torquato Obawole
|
0-0: Foul Ball, location: 2F 0-1: Ball 1-1: Ball 2-1: Ball 3-1: Base on Balls
|
|
Batting: RHB Len Graham
|
0-0: Foul Ball, location: 2F 0-1: Ball 1-1: Ball 2-1: Foul Ball, location: 2F 2-2: Ball 3-2: Ground out 1-3 (Groundball, P, EV 66.9 MPH) Torquato Obawole to second
|
|
Batting: SHB Greg Rivera
|
0-0: Intentional Walk
|
|
Batting: RHB Larry LeFever
|
0-0: Ball 1-0: Ground out 5-3 (Groundball, 5L, EV 85.0 MPH) Torquato Obawole to third Greg Rivera to second
|
|
Batting: RHB Chris Alft
|
0-0: Ground out 5-3 (Groundball, 5, EV 86.9 MPH)
|
| Bottom of the 6th over - 0 runs, 0 hits, 0 errors, 2 left on base; Springfield 4 - Jacksonville 4 |
| TOP OF THE 7TH |
|
Springfield Cardinals batting - Pitching for Jacksonville Suns : LHP Will Sledge
|
|
Pitching: RHP Mike Yorke
|
|
|
Batting: RHB Kalidas Mishra
|
0-0: Reached on error, E5 (Groundball, 56S, EV 77.5 MPH)
|
|
Pinch Hitting: LHB Sam Britt
|
0-0: Called Strike 0-1: Called Strike 0-2: Strikes out swinging
|
|
Batting: LHB Tsutomu Miyahara
|
0-0: Intentional Walk
|
|
Batting: RHB Jose Ramos
|
0-0: Ball 1-0: Ball 2-0: Ball 3-0: Called Strike 3-1: Ground out 6-3 (Groundball, 6S, EV 63.8 MPH) Kalidas Mishra to third Tsutomu Miyahara to second
|
|
Batting: RHB Jeff Long
|
0-0: Ball 1-0: Called Strike 1-1: SINGLE (Groundball, 25, EV 64.4 MPH) (infield hit) Kalidas Mishra scores Tsutomu Miyahara to third
|
|
Batting: LHB Angelo Vasquez
|
0-0: Ball Jeff Long steals 2nd base (no throw) 1-0: Intentional Walk
|
|
Batting: RHB Tommy Boudreaux
|
0-0: Ball 1-0: Called Strike 1-1: Called Strike 1-2: Strikes out looking
|
| Top of the 7th over - 1 run, 1 hit, 1 error, 3 left on base; Springfield 5 - Jacksonville 4 |
| BOTTOM OF THE 7TH |
|
Jacksonville Suns batting - Pitching for Springfield Cardinals : RHP Mike Tallerico
|
|
Now at 3B: Davey Beeson
|
|
|
Batting: LHB Orlando Rivera
|
0-0: Called Strike 0-1: Called Strike 0-2: Ball 1-2: SINGLE (Groundball, 56D, EV 105.6 MPH)
|
|
Batting: RHB Rafael Irizarry
|
0-0: Reached on error, E2 (Groundball, 2R, EV 43.8 MPH) Orlando Rivera to third
|
|
Pitching: RHP Branden Maynard
|
|
|
Batting: RHB Jack Power
|
0-0: Ball 1-0: Called Strike 1-1: Foul Ball, location: 2F 1-2: Strikes out looking
|
|
Batting: RHB Reomel Somera
|
0-0: Ball 1-0: Swinging Strike 1-1: SINGLE (Groundball, 34, EV 98.1 MPH) Orlando Rivera scores Rafael Irizarry to third Runner from 3rd tries for Home, SAFE, throw by RF to home Reomel Somera to second
|
|
Batting: RHB Torquato Obawole
|
0-0: Foul Ball, location: 2F 0-1: Ball 1-1: Called Strike 1-2: Fly out, F8 (Flyball, 8LD, EV 86.2 MPH)
|
|
Batting: RHB Len Graham
|
0-0: Ball 1-0: Called Strike 1-1: Ground out 6-3 (Groundball, 56, EV 85.6 MPH)
|
| Bottom of the 7th over - 2 runs, 2 hits, 1 error, 1 left on base; Springfield 5 - Jacksonville 6 |
| TOP OF THE 8TH |
|
Springfield Cardinals batting - Pitching for Jacksonville Suns : RHP Mike Yorke
|
|
Pitching: RHP Cory Levine
|
|
|
Batting: RHB William Lung
|
0-0: SINGLE (Flyball, 78D, EV 101.9 MPH)
|
|
Batting: LHB Travis Ruppel
|
0-0: Called Strike 0-1: Ball 1-1: Ball 2-1: Swinging Strike 2-2: Foul Ball, location: 2F 2-2: Strikes out swinging
|
|
Batting: RHB Kalidas Mishra
|
0-0: Ball 1-0: Grounds into double play, 6-4-3 (Groundball, 6, EV 93.8 MPH)
|
| Top of the 8th over - 0 runs, 1 hit, 0 errors, 0 left on base; Springfield 5 - Jacksonville 6 |
| BOTTOM OF THE 8TH |
|
Jacksonville Suns batting - Pitching for Springfield Cardinals : RHP Branden Maynard
|
|
Batting: SHB Greg Rivera
|
0-0: Swinging Strike 0-1: Called Strike 0-2: Ball 1-2: Strikes out swinging
|
|
Batting: RHB Larry LeFever
|
0-0: Ground out 5-3 (Groundball, 56, EV 88.8 MPH)
|
|
Batting: RHB Chris Alft
|
0-0: Ball 1-0: Called Strike 1-1: Called Strike 1-2: Ball 2-2: Foul Ball, location: 2F 2-2: Ball 3-2: Strikes out swinging, 2-3 out at first.
|
| Bottom of the 8th over - 0 runs, 0 hits, 0 errors, 0 left on base; Springfield 5 - Jacksonville 6 |
| TOP OF THE 9TH |
|
Springfield Cardinals batting - Pitching for Jacksonville Suns : RHP Cory Levine
|
|
Pitching: RHP Pat Proctor
|
|
|
Batting: RHB Davey Beeson
|
0-0: Called Strike 0-1: Ball 1-1: SINGLE (Groundball, 6MD, EV 94.4 MPH)
|
|
Batting: LHB Tsutomu Miyahara
|
0-0: Ball 1-0: Bunt missed! 1-1: Bunted foul 1-2: Fielders Choice at 2nd, 4-6 (Groundball, 4S, EV 80.6 MPH)
|
|
Batting: RHB Jose Ramos
|
0-0: Ball 1-0: Ball 2-0: Called Strike 2-1: Ball 3-1: Foul Ball, location: 2F 3-2: Fly out, F8 (Flyball, 78M, EV 97.5 MPH)
|
|
Batting: RHB Jeff Long
|
0-0: Ball 1-0: Foul Ball, location: 2F 1-1: Ball 2-1: Ball 3-1: Ground out 4-3 (Groundball, 34S, EV 80.0 MPH)
|
| Top of the 9th over - 0 runs, 1 hit, 0 errors, 1 left on base; Springfield 5 - Jacksonville 6 |
|